Workbook

Sheet Custo por trabalhador
A1: PLANILHA DE CUSTOS E FORMAÇÃO DE PREÇOS
A2: MODELO DE FORMAÇÃO DE CUSTO MENSAL PARA UM EMPREGADO
A5: MÓDULO 1 - REMUNERAÇÃO
A6: * A remuneração é definida no art. 457 da Consolidação das Leis do Trabalho. * É composta por Salário Base, Adicionais (noturno, de insalubridade ou periculosidade) e gratificações, quando houver.
A8: SALÁRIO BASE
A9: * O Salário Base vem definido na Convenção Coletiva de Trabalho da categoria profissional a ser contratada para o objeto da prestação de serviço. * O contratante deverá observar se a CCT abrange o município de prestação de serviço e se está vigente.
A11: SALÁRIO BASE
A12: Profissional de Educação Física | B12: 1989.9
A13: Auxiliar (Acadêmico EF) | B13: 1102.95
A15: GRATIFICAÇÃO DE FUNÇÃO
A16: * Gratificação de função, quando houver, virá informada na Convenção Coletiva de Trabalho da categoria profissional a ser contratada.
A18: GRATIFICAÇÃO DE FUNÇÃO – NÃO SE APLICA
A19: Categoria | B19: Base de cálculo | C19: Percentual | D19: Valor da Gratificação
D20: =B20*C20 -> 0
D21: =B21*C21 -> 0
A23: ADICIONAIS (periculosidade ou insalubridade, se houver) – NÃO SE APLICA
A24: * Os adicionais de periculosidade ou insalubridade, em conformidade com os art. 192 e 193 da CLT, dependem da natureza do serviço a ser prestado. * O órgão contrantante deverá observar, além da existência de previsão em CLT, se há informações na Convenção Coletiva de Trabalho acerca dos adicionais, bem como seu percentual e a base de cálculo, devendo adaptar a planilha ao caso em concreto.
A26: ADICIONAL DE XXX
A27: Categoria | B27: Base de cálculo | C27: Percentual | D27: Valor
D28: =B28*C28 -> 0
C29: =C28 -> 0 | D29: =B29*C29 -> 0
C30: =C29 -> 0 | D30: =B30*C30 -> 0
C31: =C30 -> 0 | D31: =B31*C31 -> 0
C32: =C31 -> 0 | D32: =B32*C32 -> 0
A33: Cargo B (44h semanais) | C33: =C32 -> 0 | D33: =B33*C33 -> 0
A36: ADICIONAL NOTURNO – NÃO SE APLICA
A37: * O Adicional Noturno e a Hora Noturna Reduzida, conforme art. 73 da CLT, serão pagos entre 22h e 5h do dia seguinte, sem prorrogação quando da jornada 12x36h. * O órgão contrantante deverá observar, além da existência do previsto em CLT, se há informações na Convenção Coletiva de Trabalho acerca da existência do percentual de adicional noturno, bem como se haverá pagamento de hora noturna reduzida e adaptar a planilha ao caso em concreto.
A39: ADICIONAL NOTURNO
A40: Categoria | B40: Base de Cálculo | C40: Proporção | D40: Percentual | E40: Valor
B41: =B12+D29 -> 1989.9 | C41: =7/12 -> 0.58333333 | E41: =B41*C41*D41 -> 0
B42: =B13+D32 -> 1102.95 | C42: =7/12 -> 0.58333333 | D42: =D41 -> 0 | E42: =B42*C42*D42 -> 0
A43: HORA NOTURNA REDUZIDA
A44: Categoria | B44: Base de Cálculo | C44: Proporção | D44: Percentual | E44: Valor
B45: =B12+D29 -> 1989.9 | C45: =1/12 -> 0.083333333 | E45: =B45*C45*D45 -> 0
B46: =B13+D32 -> 1102.95 | C46: =1/12 -> 0.083333333 | E46: =B46*C46*D46 -> 0
A48: ADICIONAL POR TRABALHO NOTURNO
A49: Categoria | B49: Adicional Noturno | C49: Hora Noturna Reduzida | D49: Valor
B50: =E41 -> 0 | C50: =E45 -> 0 | D50: =SUM(B50:C50) -> 0
B51: =E42 -> 0 | C51: =E46 -> 0 | D51: =SUM(B51:C51) -> 0
A53: ADICIONAL DESCANSO SEMANAL REMUNERADO 1/6 (CCT, item 4.4) *
A54: * Em caso de previsão de outros adicionais em Convenção Coletiva de Trabalho o órgão poderá utilizar este campo.
A56: ADICIONAL DESCANSO SEMANAL REMUNERADO 1/6 (CCT) *
A57: Categoria | B57: Base de cálculo | C57: Percentual | D57: Valor
A60: Profissional de Educação Física | B60: =B12/6 -> 331.65 | C60: 1 | D60: =B60*C60 -> 331.65
A63: Auxiliar (Acadêmico EF) | B63: =B13/6 -> 183.825 | C63: 1 | D63: =B63*C63 -> 183.825
A65: MÓDULO 1 - REMUNERAÇÃO
A66: Este quadro totaliza a remuneração devida ao trabalhador, conforme previsão da Consolidação das Leis do Trabalho e valores disponíveis na Convenção Coletiva para a categoria
A68: MÓDULO 1 - REMUNERAÇÃO
A69: Categoria | B69: Salário Base | C69: Gratificação de função | D69: Adicional de Periculosidade ou Insalubridade | E69: Adicional Noturno | F69: Adicional DSR (1/6) * | G69: Total
A72: Profissional de Educação Física | B72: =B12 -> 1989.9 | C72: =D20 -> 0 | D72: =D30 -> 0 | E72: 0 | F72: =D60 -> 331.65 | G72: =SUM(B72:F72) -> 2321.55
A75: Auxiliar (Acadêmico EF) | B75: =B13 -> 1102.95 | C75: =D21 -> 0 | D75: =D33 -> 0 | E75: 0 | F75: =D63 -> 183.825 | G75: =SUM(B75:F75) -> 1286.775
A77: MÓDULO 2 - ENCARGOS E BENEFÍCIOS (ANUAIS, MENSAIS E DIÁRIOS)
A79: SUBMÓDULO 2.1 – 13° SALÁRIO, FÉRIAS E ADICIONAL DE FÉRIAS
A81: 13° SALÁRIO Previsto no Decreto 57.155, de 1965.
A82: Categoria | B82: Base de cálculo | C82: Provisionamento Mensal | D82: Valor
A85: Profissional de Educação Física | B85: =G72 -> 2321.55 | C85: =1/12 -> 0.083333333 | D85: =B85*C85 -> 193.4625
D86: =B86*C86 -> 0
D87: =B87*C87 -> 0
A88: Auxiliar (Acadêmico EF) | B88: =G75 -> 1286.775 | C88: 0.0833 | D88: =B88*C88 -> 107.18836
A90: FÉRIAS Previsto no art. 7° da Constituição Federal
A91: Categoria | B91: Base de cálculo | C91: Provisionamento Mensal | D91: Valor
A94: Profissional de Educação Física | B94: =G72 -> 2321.55 | C94: =1/12 -> 0.083333333 | D94: =B94*C94 -> 193.4625
D95: =B95*C95 -> 0
D96: =B96*C96 -> 0
A97: Auxiliar (Acadêmico EF) | B97: =G75 -> 1286.775 | C97: =1/12 -> 0.083333333 | D97: =B97*C97 -> 107.23125
A99: ADICIONAL DE FÉRIAS - 1/3 CONSTITUCIONAL
A100: Categoria | B100: Base de cálculo | C100: Alíquota Adicional | D100: Provisionamento Mensal | E100: Valor
A103: Profissional de Educação Física | B103: =G72 -> 2321.55 | C103: =1/3 -> 0.33333333 | D103: =1/12 -> 0.083333333 | E103: =B103*C103*D103 -> 64.4875
A106: Auxiliar (Acadêmico EF) | B106: =G75 -> 1286.775 | C106: 0.3333 | D106: 0.0833 | E106: =B106*C106*D106 -> 35.72588
A108: SUBMÓDULO 2.1 – 13° SALÁRIO, FÉRIAS E ADICIONAL DE FÉRIAS
A109: Categoria | B109: 13° Salário | C109: Férias | D109: 1/3 Constitucional | E109: Total
A112: Profissional de Educação Física | B112: =D85 -> 193.4625 | C112: =D94 -> 193.4625 | D112: =E103 -> 64.4875 | E112: =SUM(B112:D112) -> 451.4125
A115: Auxiliar (Acadêmico EF) | B115: =D88 -> 107.18836 | C115: =D97 -> 107.23125 | D115: =E106 -> 35.72588 | E115: =SUM(B115:D115) -> 250.14549
A117: SUBMÓDULO 2.2 - ENCARGOS PREVIDENCIÁRIOS E FGTS
A118: * Previsto no art. 195 da Constituição Federal. * Os percentuais informados não são taxativos e deverão observar o enquadramento real das empresas prestadoras de serviço, em especial no que diz respeito ao SAT-GIIL/RAT.
A120: COMPOSIÇÃO DO GPS E FGTS
A121: Encargos | B121: Percentual
A122: INSS - empregador | B122: 0.2
A123: Salário-Educação | B123: 0.025
A124: SAT- GIL/RAT | B124: 0.02 | F124: Consulta: https://www.planalto.gov.br/ccivil_03/decreto/D3048anexov-vol1.htm
A125: SESC | B125: 0.015 | E125: 8591-1/00 | F125: Ensino de esportes
A126: SENAC | B126: 0.01
A127: SEBRAE | B127: 0.006
A128: INCRA | B128: 0.002
A129: FGTS | B129: 0.08
A130: TOTAL | B130: =SUM(B122:B129) -> 0.358
A132: GPS - GUIA DA PREVIDÊNCIA SOCIAL
A133: Categoria | B133: Base de cálculo | C133: Percentual | D133: Valor
A136: Profissional de Educação Física | B136: =G72+E112 -> 2772.9625 | C136: =SUM($B$122:$B$128) -> 0.278 | D136: =B136*C136 -> 770.88357
A139: Auxiliar (Acadêmico EF) | B139: =G75+E115 -> 1536.9205 | C139: =SUM($B$122:$B$128) -> 0.278 | D139: =B139*C139 -> 427.2639
A141: FGTS - FUNDO DE GARANTIA POR TEMPO DE SERVIÇO
A142: Categoria | B142: Base de cálculo | C142: Percentual | D142: Valor
A145: Profissional de Educação Física | B145: =G72+E112 -> 2772.9625 | C145: =$B$129 -> 0.08 | D145: =B145*C145 -> 221.837
A148: Auxiliar (Acadêmico EF) | B148: =G75+E115 -> 1536.9205 | C148: =$B$129 -> 0.08 | D148: =B148*C148 -> 122.95364
A150: SUBMÓDULO 2.2 - ENCARGOS PREVIDENCIÁRIOS E FGTS
A151: Categoria | B151: GPS | C151: FGTS | D151: Total
A154: Profissional de Educação Física | B154: =D136 -> 770.88357 | C154: =D145 -> 221.837 | D154: =B154+C154 -> 992.72058
A157: Auxiliar (Acadêmico EF) | B157: =D139 -> 427.2639 | C157: =D148 -> 122.95364 | D157: =B157+C157 -> 550.21753
A159: SUBMÓDULO 2.3 - BENEFÍCIOS MENSAIS E DIÁRIOS
A160: * O cálculo de benefícios mensais e diários dependerá das disposições constantes em Convenção Coletiva de Trabalho sobre os direitos negociados aos trabalhadores, observando sempre o custo efetivo a ser suportado pela Administração no contrato de prestação de serviços (descontados os valores arcados pelos empregados).
...

Sheet Planilha de Custos
A1: PLANILHA DE CUSTOS E FORMAÇÃO DE PREÇOS
A2: MODELO PARA A CONSOLIDAÇÃO E APRESENTAÇÃO DE PROPOSTAS
A6: Módulo 1 - Composição da Remuneração
A8: 1 | B8: Composição da Remuneração | C8: Valor (R$)
A9: A | B9: Salário-Base | C9: ='Custo por trabalhador'!B12 -> 1989.9
A10: B | B10: Adicional de Periculosidade
A11: C | B11: Adicional de Insalubridade
A12: D | B12: Adicional Noturno
A13: E | B13: Adicional de Hora Noturna Reduzida
A14: F | B14: Adicional DSR | C14: ='Custo por trabalhador'!D60 -> 331.65
A15: G | B15: Outros (especificar)
A16: Total | C16: ='Custo por trabalhador'!G72 -> 2321.55
A19: Módulo 2 - Encargos e Benefícios Anuais, Mensais e Diários
A21: Submódulo 2.1 - 13º (décimo terceiro) Salário, Férias e Adicional de Férias
A23: 2.1 | B23: 13º (décimo terceiro) Salário, Férias e Adicional de Férias | C23: Valor (R$)
A24: A | B24: 13º (décimo terceiro) Salário | C24: ='Custo por trabalhador'!B112 -> 193.4625
A25: B | B25: Férias e Adicional de Férias | C25: ='Custo por trabalhador'!C112+'Custo por trabalhador'!D112 -> 257.95
A26: Total | C26: ='Custo por trabalhador'!E112 -> 451.4125
A29: Submódulo 2.2 - Encargos Previdenciários (GPS), Fundo de Garantia por Tempo de Serviço (FGTS) e outras contribuições.
A31: 2.2 | B31: GPS, FGTS e outras contribuições | C31: Percentual (%) | D31: Valor (R$)
A32: A | B32: INSS | C32: 0.2
A33: B | B33: Salário Educação | C33: 0.025
A34: C | B34: SAT | C34: ='Custo por trabalhador'!B124 -> 0.02
A35: D | B35: SESC ou SESI | C35: 0.015
A36: E | B36: SENAI - SENAC | C36: 0.01
A37: F | B37: SEBRAE | C37: 0.006
A38: G | B38: INCRA | C38: 0.002
A39: H | B39: FGTS | C39: 0.08
A40: Total | D40: ='Custo por trabalhador'!D154+'Custo por trabalhador'!D157 -> 1542.9381
A43: Submódulo 2.3 - Benefícios Mensais e Diários.
A45: 2.3 | B45: Benefícios Mensais e Diários | C45: Valor (R$)
A46: A | B46: Transporte
A47: B | B47: Auxílio-Refeição/Alimentação
A48: C | B48: Benefício xxx
A49: D | B49: Outros (especificar)
A50: Total | C50: ='Custo por trabalhador'!F246+'Custo por trabalhador'!F249 -> 212.625
A53: Quadro-Resumo do Módulo 2 - Encargos e Benefícios anuais, mensais e diários
A55: 2 | B55: Encargos e Benefícios Anuais, Mensais e Diários | C55: Valor (R$)
A56: 2.1 | B56: 13º (décimo terceiro) Salário, Férias e Adicional de Férias
A57: 2.2 | B57: GPS, FGTS e outras contribuições
A58: 2.3 | B58: Benefícios Mensais e Diários
A59: Total | C59: ='Custo por trabalhador'!E257+'Custo por trabalhador'!E260 -> 2457.1211
A62: Módulo 3 - Provisão para Rescisão
A64: 3 | B64: Provisão para Rescisão | C64: Valor (R$)
A65: A | B65: Aviso Prévio Indenizado
A66: B | B66: Incidência do FGTS sobre o Aviso Prévio Indenizado
A67: C | B67: Multa do FGTS e contribuição social sobre o Aviso Prévio Indenizado
A68: D | B68: Aviso Prévio Trabalhado
A69: E | B69: Incidência dos encargos do submódulo 2.2 sobre o Aviso Prévio Trabalhado
A70: F | B70: Multa do FGTS e contribuição social sobre o Aviso Prévio Trabalhado
A71: Total | C71: ='Custo por trabalhador'!E361+'Custo por trabalhador'!E364 -> 197.99843
A74: Módulo 4 - Custo de Reposição do Profissional Ausente
A77: Submódulo 4.1 - Ausências Legais
A79: 4.1 | B79: Ausências Legais | C79: Valor (R$)
A80: A | B80: Férias
A81: B | B81: Ausências Legais
A82: C | B82: Licença-Paternidade
A83: D | B83: Ausência por acidente de trabalho
A84: E | B84: Afastamento Maternidade
A85: F | B85: Outros (especificar)
A86: Total | C86: ='Custo por trabalhador'!E419+'Custo por trabalhador'!E422 -> 451.87356
A89: Submódulo 4.2 - Intrajornada
A91: 4.2 | B91: Intrajornada | C91: Valor (R$)
A92: A | B92: Intervalo para repouso e alimentação
A93: Total | C93: 0
A96: Quadro-Resumo do Módulo 4 - Custo de Reposição do Profissional Ausente
A98: 4 | B98: Custo de Reposição do Profissional Ausente | C98: Valor (R$)
A99: 4.1 | B99: Ausências Legais
A100: 4.2 | B100: Intrajornada
A101: Total | C101: ='Custo por trabalhador'!D445+'Custo por trabalhador'!D448 -> 451.87356
A104: Módulo 5 - Insumos Diversos
A106: 5 | B106: Insumos Diversos | C106: Valor (R$)
A107: A | B107: Uniformes
A108: B | B108: Materiais
A109: C | B109: Equipamentos
A110: D | B110: Outros (especificar)
A111: Total | C111: ='Custo por trabalhador'!D497+'Custo por trabalhador'!D500 -> 1341.6667
A114: Módulo 6 - Custos Indiretos, Tributos e Lucro
A116: 6 | B116: Custos Indiretos, Tributos e Lucro | C116: Percentual (%) | D116: Valor (R$)
A117: A | B117: Custos Indiretos
A118: B | B118: Lucro
A119: C | B119: Tributos
B120: C.1. Tributos Federais (especificar)
B121: C.2. Tributos Estaduais (especificar)
B122: C.3. Tributos Municipais (especificar)
A123: Total | C123: ='Custo por trabalhador'!C513 -> 0.31496556 | D123: ='Custo por trabalhador'!D513+'Custo por trabalhador'!D516 -> 2537.6727
A126: 2. QUADRO-RESUMO DO CUSTO POR EMPREGADO
B128: Mão de obra vinculada à execução contratual (valor por empregado) | C128: Valor (R$)
A129: A | B129: Módulo 1 - Composição da Remuneração
A130: B | B130: Módulo 2 - Encargos e Benefícios Anuais, Mensais e Diários
A131: C | B131: Módulo 3 - Provisão para Rescisão
A132: D | B132: Módulo 4 - Custo de Reposição do Profissional Ausente
A133: E | B133: Módulo 5 - Insumos Diversos
A134: Subtotal (A + B +C+ D+E)
A135: F | B135: Módulo 6 – Custos Indiretos, Tributos e Lucro
A136: Valor Total por Empregado | C136: ='Custo por trabalhador'!C539+'Custo por trabalhador'!D539 -> 10594.657
A139: VALOR HORA / AULA = | C139: =C136/72 -> 147.14802
